 Dungeon Crawl Stone Soup version 0.28.0-1-gb440e238dd (webtiles) character file.

Game seed: 2597388866181619515

48 cbfl8 the Sneak (level 3, 0/33 HPs)
             Began as a Minotaur Delver on Feb 27, 2022.
             Succumbed to a goblin's poison
             ... on level 1 of the Dungeon on Feb 28, 2022.
             The game lasted 00:03:56 (1609 turns).

cbfl8 the Sneak (Minotaur Delver)                   Turns: 1609, Time: 00:03:56

Health: 0/33       AC:  9    Str: 18    XL:     3   Next: 50%
Magic:  2/2        EV:  7    Int:  7    God:
Gold:   33         SH:  0    Dex: 11    Spells: 2/2 levels left

rFire   . . .      SeeInvis .   a - +0 hand axe
rCold   . . .      Faith    .   (no shield)
rNeg    . . .      Spirit   .   i - +0 chain mail
rPois   .          Reflect  .   (helmet restricted)
rElec   .          Harm     .   d - +0 cloak
rCorr   .          Rampage  .   (no gloves)
Will    .....                   (no boots)
Stlth   ..........              (no amulet)
HPRegen 0.11/turn               (no ring)
MPRegen 0.08/turn               (no ring)

@: mighty, lethally poisoned (0 -> -2), hasted, very quick
A: horns 2, retaliatory headbutt
a: no special abilities


You were on level 1 of the Dungeon.
You visited 2 branches of the dungeon, and saw 6 of its levels.

You collected 33 gold pieces.

Inventory:

Hand Weapons
 a - a +0 hand axe (weapon)
Armour
 b - a +0 leather armour
 d - a +0 cloak (worn)
 i - a +0 chain mail (worn)
Wands
 g - a wand of digging (2)
Scrolls
 c - a scroll of fog
 e - 2 scrolls of fear
 j - 2 scrolls of noise {unknown}


   Skills:
 + Level 3.8 Fighting
 + Level 3.2 Axes
 + Level 0.8 Armour
 + Level 2.5 Dodging
 + Level 4.6 Stealth


You had 2 spell levels left.
You didn't know any spells.
Your spell library was empty.

Dungeon Overview and Level Annotations

Branches:
Dungeon (5/15)             Temple (1/1) D:5

Altars:
Ashenzari
Dithmenos
Gozag
Makhleb
Nemelex Xobeh
Okawaru
Qazlal
Ru
Sif Muna
Trog
Uskayaw
Wu Jian

Shops:
D:1 [


Innate Abilities, Weirdness & Mutations

You have a pair of horns on your head.
You reflexively headbutt those who attack you in melee.


Message History

The ball python constricts you.
The ball python bites you but does no damage.
You closely miss the ball python. You headbutt the ball python.
You kill the ball python!
You barely miss the ball python.
* * * LOW HITPOINT WARNING * * *
You feel very sick.
The ball python bites you but does no damage.
The ball python constricts you.
The ball python bites you but does no damage.
The ball python constricts you.
You barely miss the ball python.
* * * LOW HITPOINT WARNING * * *
You feel sick.
The ball python bites you but does no damage.
The ball python constricts you.
You closely miss the ball python.
* * * LOW HITPOINT WARNING * * *
You feel sick.
The ball python bites you but does no damage.
The ball python constricts you.
You hit the ball python.
You kill the ball python!
* * * LOW HITPOINT WARNING * * *
You feel sick.
There is a lethal amount of poison in your body!
There is a lethal amount of poison in your body!
It was a potion of might.
You feel very mighty all of a sudden.
* * * LOW HITPOINT WARNING * * *
You feel sick.
Okay, then.
As you read the scroll labelled JAENAR OTULO, it crumbles to dust.
It is a scroll of identify.
Really abort (and waste the scroll)?
Okay, then.
* * * LOW HITPOINT WARNING * * *
You feel sick.
You feel yourself speed up.
You die...

#≈#.#≈## #.# ###.### #.#
....# #.# ....#######)#
............###########
............##........#
#.##........##....>...###
#.##....................>
#..........###..@.?...###
#............#.†.######
#............#...#
#............#...#
#............#...#
#.###........#....
#.#.#..............
#...#........#....
..#.#.#######


There were no monsters in sight!

Vanquished Creatures
  An adder (D:3)
  A worm (D:3)
  A bat (D:1)
  4 endoplasms
  A giant cockroach (D:1)
  A hobgoblin (D:1)
  3 jackals (D:5)
  3 kobolds (D:1)
  2 quokkas (D:1)
  7 ball pythons (D:1)
  3 frilled lizards (D:1)
  2 goblins (D:1)
  3 rats
32 creatures vanquished.

Vanquished Creatures (others)
  4 toadstools (D:1)
4 creatures vanquished.

Grand Total: 36 creatures vanquished

Notes
Turn   | Place    | Note
-------+----------+-------------------------------------------
     0 | D:5      | cbfl8 the Minotaur Delver began the quest for the Orb.
     0 | D:5      | Reached XP level 1. HP: 19/19 MP: 0/0
   136 | D:5      | Noticed a jelly
   167 | D:5      | Noticed an ogre
   216 | D:5      | Found a staircase to the Ecumenical Temple.
   319 | Temple   | Entered the Ecumenical Temple
   490 | D:3      | Reached XP level 2. HP: 21/27 MP: 1/1
   903 | D:1      | Found Ufohist's Antique Armour Emporium.
  1078 | D:1      | Reached XP level 3. HP: 33/33 MP: 2/2
  1608 | D:1      | HP: 1/33 [poisoned by a goblin]
  1609 | D:1      | Succumbed to a goblin's poison

Illustrated notes

Levels and vault maps discovered:
D:1:      ldierk_walled_garden_2, layout_basic, serial_shops, shop,
          chequers_ecumenical_altar_grove
D:2:      layout_loops_ring, cheibrodos_gnoll_hut
D:3:      layout_loops_corners, tso_metal_star, portal_sewer_entry_f,
          grunt_ministairs_6, nrook_uturn, nicolae_figureground_sparkle
D:4:      kennysheep_the_goblin_king, layout_loops_ring, uniq_sigmund
D:5:      layout_basic, kennysheep_little_box, minmay_temple_entry_fiery,
          dk_noncrumbling_2, uniq_pikel
Temple:   nicolae_temple_x_marks_the_god

Skill      XL: |  1  2  3 |
---------------+----------+-----
Axes           | 3 |  3.2
Fighting       | |  3.8
Armour         | |  0.8
Dodging        | |  2.5
Stealth        | |  4.6

Action                   || total
-------------------------++-------
Melee: Hand axe          ||    61
       Headbutt          ||    11
Evoke: Wand              ||     1
  Use: Scroll            ||     2
       Potion            ||     2
 Stab: Sleeping          ||     4
Armor: Leather armour    ||    16
       Chain mail        ||    19
Dodge: Dodged            ||    42
